[Event "45th FIDE Olympiad 2024"]
[Site "Budapest"]
[Date "2024.09.15"]
[Round "5.62"]
[White "Gorshtein, Ido"]
[Black "Cardoso Cardoso, Jose Gabriel"]
[Result "1-0"]
[ECO "A20"]
[WhiteElo "2543"]
[BlackElo "2508"]
[Annotator "TA"]
[PlyCount "89"]
[EventDate "2024.09.05"]
[EventType "team-tourn"]
[EventCountry "HUN"]
[SourceTitle "playchess.com"]
[Source "ChessBase"]
[SourceQuality "1"]
[WhiteTeam "Israel"]
[BlackTeam "Colombia"]
[WhiteTeamCountry "ISR"]
[BlackTeamCountry "COL"]
[TimeControl "40/5400+30:1800+30"]

1. c4 e5 2. g3 c6 3. Nf3 e4 4. Nd4 d5 5. cxd5 Qxd5 6. Nc2 Nf6 7. Nc3 Qe5 8. Bg2 {[%emt 0:00:07] The position is equal.} Na6 9. Rb1 Be7 10. b4 O-O 11. Bb2 Qe6 12. a3 c5 13. Ba1 Rd8 14. O-O h5 ({Black should try} 14... b6 $11) 15. b5 Nc7 16. Ne3 a6 17. bxa6 Rxa6 18. Qc2 Rxa3 19. Bb2 (19. Bxe4 $2 Rxc3 20. Bxc3 Nxe4 $19 (20... Qxe4 $2 21. Bxf6 Qxc2 22. Bxe7 $19)) (19. Nxe4 {is interesting.} Nxe4 20. Bxe4 Ra2 21. Bh7+) 19... Ra6 20. Nxe4 Nxe4 21. Bxe4 g6 {[%emt 0:16:19] [#]} (21... Rxd2 $14 22. Bh7+ (22. Qxd2 Qxe4 23. Qc3 f6 $14) 22... Kh8 23. Qxd2 Kxh7) 22. d3 (22. Qc3 $1 $16 Rd4 23. Bd3) 22... Nb5 23. Nc4 Nd4 24. Bxd4 cxd4 25. Rb5 ({White should play} 25. Bxb7 $16 Bxb7 26. Rxb7) 25... b6 $1 $11 26. f4 {[%emt 0:04:54] f5 would now be deadly.} Qf6 27. Rg5 Bh3 {[%emt 0:03:42] This pair of bishops is nice.} 28. Rb1 Qe6 29. Re5 Qf6 30. Nd2 {[%emt 0:03:06] aiming for Bb7.} Rc8 ({Better is} 30... Ra5 $11) 31. Qd1 $36 {[%emt 0:01:47][%mdl 2048] And now Bb7 would win. Black is under pressure.} Rc5 $2 {[%emt 0:01:58][%mdl 8192] [#]} (31... Ra7 $11) 32. Nf3 $2 ({White has to play} 32. Bb7 $1 $18 Ra7 33. Ne4 Qxe5 34. fxe5 Rxb7 35. Nxc5 Bxc5 36. Qa4) 32... Rxe5 33. Nxe5 Ra2 34. Bd5 Be6 $2 35. Bxa2 $18 Bxa2 36. Ra1 Bd5 37. Qa4 Kg7 38. Qd7 (38. Qxd4 $2 {too greedy.} Bc5 $19) 38... Be6 39. Qe8 {[%emt 0:01:02] White is clearly winning.} (39. Qxd4 $2 {perishes.} Bc5 $19) 39... Bd5 {[%emt 0:01:16] Prevents Ra8.} 40. Ra7 Bc5 41. Rd7 Be6 42. Rd8 Kh7 43. Nd7 Bxd7 44. Qg8+ Kh6 45. Rxd7 {[%emt 0:00:00] Weighted Error Value: White=0.36/Black=0.53.  Loses game:     	---       	Black=2      Missed win:     	White=1     	---        Mistake:       	White=2     	Black=3      Inaccurate:     	White=3     	Black=4      OK:         	White=15    	Black=13     Best:        	White=1     	---        Strong:       	---       	Black=1} 1-0

[Event "45th FIDE Olympiad 2024"]
[Site "Budapest"]
[Date "2024.09.15"]
[Round "5.62"]
[White "Ferguson, Joseph"]
[Black "Anhwere, Bernard"]
[Result "0-1"]
[ECO "A03"]
[WhiteElo "1797"]
[BlackElo "1893"]
[PlyCount "82"]
[EventDate "2024.09.05"]
[EventType "team-tourn"]
[EventCountry "HUN"]
[WhiteTeam "Bahamas"]
[BlackTeam "Ghana"]
[WhiteTeamCountry "BAH"]
[BlackTeamCountry "GHA"]
[TimeControl "40/5400+30:1800+30"]

1. b3 Nf6 2. Bb2 g6 3. e3 Bg7 4. f4 O-O 5. Nf3 c5 6. Be2 Nc6 7. O-O d5 8. Bb5 Qb6 9. Bxc6 Qxc6 10. d3 b5 11. a4 b4 12. Nbd2 a5 13. Qe2 Bg4 14. h3 Bxf3 15. Qxf3 Rac8 16. Bxf6 Bxf6 17. Rad1 Bc3 18. e4 e6 19. Nb1 Bd4+ 20. Kh1 c4 21. dxc4 dxe4 22. Qe2 Rfd8 23. Nd2 f5 24. c5 Qxc5 25. Nc4 Rd5 26. g3 Rcd8 27. Kg2 R8d7 28. Rfe1 Qc7 29. h4 Bc3 30. Rf1 Qd8 31. Rxd5 exd5 32. Ne3 Bd4 33. c4 Bxe3 34. Qxe3 d4 35. Qc1 d3 36. Qd2 Qf6 37. Rc1 Qd4 38. c5 e3 39. Qd1 d2 40. Rc4 Qd5+ 41. Kh2 e2 {0-} 0-1

[Event "45th FIDE Olympiad 2024"]
[Site "Budapest"]
[Date "2024.09.15"]
[Round "5.63"]
[White "Avila Pavas, Santiago"]
[Black "Nabaty, Tamir"]
[Result "1/2-1/2"]
[ECO "C50"]
[WhiteElo "2485"]
[BlackElo "2630"]
[Annotator "TA"]
[PlyCount "137"]
[EventDate "2024.09.05"]
[EventType "team-tourn"]
[EventCountry "HUN"]
[SourceTitle "playchess.com"]
[Source "ChessBase"]
[SourceQuality "1"]
[WhiteTeam "Colombia"]
[BlackTeam "Israel"]
[WhiteTeamCountry "COL"]
[BlackTeamCountry "ISR"]
[TimeControl "40/5400+30:1800+30"]

1. e4 e5 2. Nf3 Nc6 3. Bc4 Bc5 4. d3 h6 5. c3 d6 6. Nbd2 Nge7 7. Nf1 O-O 8. Ng3 Be6 9. Bxe6 fxe6 10. b4 Bb6 11. a4 a6 12. Be3 Ng6 13. O-O Qd7 14. Rb1 Rf6 15. d4 exd4 16. cxd4 d5 17. b5 (17. e5 $14 {deserves consideration.} Rff8 18. Ne1) 17... axb5 18. axb5 Nce7 19. Ne5 Nxe5 20. dxe5 Rf7 21. Bxb6 cxb6 22. f4 Raf8 23. Nh5 Ng6 24. Qg4 Kh7 25. g3 (25. exd5 $11 Qxd5 26. h3) 25... dxe4 26. Rfd1 {[%emt 0:00:06] Dodges Qd4+} Qe8 27. Rd4 (27. Rd6 $11 {keeps the balance.} Re7 28. Qe2 (28. Rxb6 Qc8 $17)) 27... Qc8 28. Rxe4 Rd8 {[%emt 0:01:07] White must now prevent ...Qc5+.} 29. Qe2 $1 Rc7 {[%emt 0:01:21] Repels Rc4} 30. Rb2 Rc1+ 31. Kg2 Rdd1 32. Kh3 Qd7 33. Rc2 Rxc2 34. Qxc2 Rd2 35. Qc3 {[%emt 0:00:36] [#]} (35. Qb1 $11 {remains equal.}) 35... Ne7 $1 $17 36. Rc4 Qd5 (36... Qxb5 $19 {has better winning chances. Threatens to win with ...Nd5.} 37. Qb4 Qxb4 38. Rxb4 Nd5) 37. Rc7 Qg2+ 38. Kg4 Nf5 39. Qf3 Qxh2 40. Qe4 $1 {[%emt 0:01:06] [#] White threatens Nf6+ and mate.} Kh8 41. Rc8+ Kh7 42. Rc7 $1 {[%emt 0:00:00] Nf6+ would kill now.} Rd8 ({Black should play} 42... Kg8 $15 43. Rc8+ Kf7 (43... Kh7 44. Rc7 $17) 44. Rc7+ Kf8 (44... Kg8 45. Rc8+ Kf7 46. Rc7+ Kf8 47. Rc8+ Ke7 48. Rc7+ Kd8 49. Rxg7 $15) 45. Rc8+ Ke7 (45... Kf7 46. Rc7+ Kf8 47. Rc8+ Ke7 48. Rc7+ Kd8 49. Rxg7 $11) 46. Rc7+ (46. Qxb7+ $2 Rd7 $19) 46... Kd8 47. Rxg7 Nxg7 48. Nxg7 h5+ 49. Kg5 Qxg3+ 50. Kh6 Kc8 (50... Qg4 $2 51. Qb4 $18) 51. Nxe6 Qg8 (51... h4 52. Qb4 $11)) 43. Rxg7+ $11 (43. Qxb7 Ne3+ (43... Qe2+ 44. Qf3 Ne3+ 45. Kh3 Qxf3 46. Nf6+ Kg6 47. Rc2 gxf6 48. Kh2 Rd1 49. f5+ Nxf5 50. exf6 Qxg3#) 44. Kf3 Qg2+ 45. Kxe3 Qd2+ 46. Kf3 Qd1+ 47. Ke3 Rd3+ (47... Qxh5 48. Rxg7+ Kh8 49. Rh7+ Kg8 50. Qg7#) 48. Kf2 Rd2+ 49. Ke3 Qe2#) 43... Kh8 {[%emt 0:00:00] ( -> ...Rd4)} 44. Rg6 (44. Rxb7 Rg8+ 45. Kf3 Qxh5+ (45... Qh1+ $2 46. Kf2 $19) 46. Kf2 Rd8 (46... Nxg3 47. Qh7#) (46... Qh2+ $2 47. Qg2 $19) (46... Nxg3 47. Qh7#) (46... Qh2+ $2 47. Qg2 $19)) 44... Ra8 45. Qf3 (45. Rxe6 {is a self mate.} Rg8+ (45... Qxh5+ 46. Kxh5 Nxg3+ 47. Kxh6 $11) 46. Kf3 Qh1+ (46... Qxh5+ $2 47. Kf2 $19) 47. Ke2 Qxe4+ 48. Kf2 Qe3+ 49. Kg2 Qe2+ (49... Nxg3 50. Rxh6#) 50. Kh3 Qxh5+ 51. Kg2 Qe2+ (51... Nxg3 52. Rxh6+ Qxh6 53. Kf3 Qh1+ 54. Kf2 Qf1+ 55. Ke3 Rd8 56. e6 Qe2#) 52. Kh1 Qf1+ (52... Rxg3 53. Re8+ Kh7 54. Re7+ Nxe7 55. f5 Qh5#) 53. Kh2 Qf2+ 54. Kh3 Rxg3#) 45... Ra3 46. Nf6 $1 {[%emt 0:02:04][%csl Gf6][%cal Rg6g8] Chess con chili.} Qxg3+ 47. Qxg3 Rxg3+ {[%emt 0:00:00][%mdl 4096] Endgame. KRN-KRN} 48. Kh5 {[%emt 0:00:03] Strongly threatening Rxg3.} Rh3+ 49. Kg4 Ne7 {[%emt 0:00:00] Dodges Rg8+} 50. Kxh3 Nxg6 {[%emt 0:00:00] KN-KN} 51. Kg4 Ne7 52. Nd7 {[%emt 0:00:35][%cal Od7f8] Hoping for Nf8!} (52. Kh5 $5 Kg7 $8 53. Ne8+ Kf8 54. Nd6 $11) 52... Nd5 53. Nf8 Nc7 {[%emt 0:00:20][%cal Oh8g8] ...Kg8! would now be deadly.} 54. f5 Kg7 ({But not} 54... exf5+ 55. Kxf5 Nxb5 56. Ne6 $19) 55. Nd7 (55. Nxe6+ Nxe6 56. Kh5 Nd4 $19 (56... Nf4+ $2 57. Kg4 $19)) 55... Nxb5 {[%emt 0:01:38] ...Nd4 is the strong threat.} 56. fxe6 Nc7 {[%emt 0:00:56] aiming for ...b5.} 57. Nxb6 Nxe6 58. Kf5 (58. Nd5 $11) 58... Nd4+ (58... Kf7 $1 $15 59. Nc4 Ng7+ 60. Ke4 Ne8) 59. Ke4 {[%emt 0:00:05] The position is equal.} Nc6 60. Kf5 Kf7 61. e6+ Kg7 62. Nd5 {[%emt 0:01:10] Inhibits Ne7+.} Kf8 63. Kf6 {[%emt 0:00:49] Prevents Ne7} Ke8 64. e7 Kd7 {[%emt 0:00:14] Inhibits Nc7.} 65. Nb6+ $1 Ke8 66. Nd5 {[%emt 0:00:03] And now Nc7+ would win.} Nxe7 67. Nxe7 h5 68. Nf5 Kd7 69. Kg5 {[%emt 0:00:05] Weighted Error Value: White=0.14 (very precise) /Black=0.13 (very precise) .  Missed win:     	---       	Black=1      Mistake:       	White=5     	Black=3      Inaccurate:     	White=1     	Black=4      OK:         	White=26    	Black=22     Best:        	White=8     	Black=3      Strong:       	White=5     	Black=1} 1/2-1/2

[Event "45th FIDE Olympiad 2024"]
[Site "Budapest"]
[Date "2024.09.15"]
[Round "5.63"]
[White "Fomevor, Cephas Clinton"]
[Black "Pride, Avian"]
[Result "1-0"]
[ECO "D35"]
[WhiteElo "1873"]
[BlackElo "1743"]
[PlyCount "61"]
[EventDate "2024.09.05"]
[EventType "team-tourn"]
[EventCountry "HUN"]
[WhiteTeam "Ghana"]
[BlackTeam "Bahamas"]
[WhiteTeamCountry "GHA"]
[BlackTeamCountry "BAH"]
[TimeControl "40/5400+30:1800+30"]

1. d4 d5 2. c4 c6 3. Nc3 Nf6 4. Nf3 e6 5. cxd5 exd5 6. Bg5 Nbd7 7. e3 Be7 8. Bd3 h6 9. Bh4 O-O 10. O-O Re8 11. Rb1 c5 12. dxc5 Nxc5 13. Bc2 Be6 14. Nb5 Bg4 15. h3 Bxf3 16. Qxf3 Nfe4 17. Bxe7 Rxe7 18. Qe2 a6 19. Nd4 Ne6 20. Nf5 Rd7 21. Rfd1 Qa5 22. Bxe4 dxe4 23. Nxh6+ gxh6 24. Rxd7 Qxa2 25. Rbd1 Nc5 26. Qg4+ Kf8 27. Rc7 b6 28. Qf4 Ke8 29. Qf6 Nd7 30. Rcxd7 Qxb2 31. Qe7# 1-0

[Event "45th FIDE Olympiad 2024"]
[Site "Budapest"]
[Date "2024.09.15"]
[Round "5.64"]
[White "Postny, Evgeny"]
[Black "Valderrama Quiceno, Esteban Alb"]
[Result "1/2-1/2"]
[ECO "D63"]
[WhiteElo "2577"]
[BlackElo "2418"]
[Annotator "TA"]
[PlyCount "74"]
[EventDate "2024.09.05"]
[EventType "team-tourn"]
[EventCountry "HUN"]
[SourceTitle "playchess.com"]
[Source "ChessBase"]
[SourceQuality "1"]
[WhiteTeam "Israel"]
[BlackTeam "Colombia"]
[WhiteTeamCountry "ISR"]
[BlackTeamCountry "COL"]
[TimeControl "40/5400+30:1800+30"]

1. d4 Nf6 2. c4 e6 3. Nf3 d5 4. Nc3 Be7 5. Bg5 O-O 6. e3 Nbd7 7. Rc1 dxc4 8. Bxc4 c5 9. O-O a6 10. Bd3 cxd4 11. Nxd4 Ne5 12. Bb1 Bd7 {[%emt 0:01:31] White has an edge.} 13. Ne4 Nc6 14. Qd3 {[%emt 0:36:08] [#] Intending Nxf6+ and mate.} Nxe4 {[%emt 0:10:11] The position is equal.} 15. Qxe4 (15. Bxe7 {simplifies} Qxe7 16. Qxe4 g6 17. Nb3) 15... g6 16. Bh6 (16. Bxe7 {simplifies} Qxe7 17. Nb3 Rac8 18. Nc5) 16... Re8 17. Rfd1 {[%emt 0:01:37][%cal Rd4c6] Hoping for Nxc6.} Qb6 18. Nxc6 Bxc6 19. Qe5 Bf8 {[%emt 0:00:45] Inhibits Qg7+.} 20. Bxf8 Rxf8 21. h4 Qb4 22. Qf6 (22. Qd4 {simplifies} Qxd4 23. Rxd4 Rfd8 24. Rdd1) 22... Rfe8 23. a3 Qe7 {[%emt 0:00:18] Black is weak on the dark squares} (23... Qf8 {keeps more tension.} 24. g4 Rad8 25. g5 Rxd1+ 26. Rxd1 Qc5) 24. Qf4 (24. Qxe7 {simplifies} Rxe7 25. f3 Rc7 26. Kf2) 24... h5 25. Qg5 Qxg5 26. hxg5 Red8 27. f3 Kf8 28. Kf2 Ke7 29. Bc2 a5 30. Bb3 Rxd1 31. Rxd1 $11 {[%emt 0:00:06][%mdl 4096] Endgame. KRB-KRB} a4 32. Bc4 Ra5 33. f4 Rc5 34. Bd3 Bb5 {[%emt 0:03:03] [#] Threatens to win with ...Bxd3.} 35. Be4 Bc6 36. Bd3 Bb5 {[%emt 0:00:07] ...Bxd3 would now be deadly.} 37. Be4 Bc6 {[%emt 0:00:13] An interesting draw.   Weighted Error Value: White=0.04 (flawless) /Black=0.03 (flawless) .  Inaccurate:     	White=1     	---        OK:         	White=13    	Black=16     Best:        	---       	Black=1} 1/2-1/2

[Event "45th FIDE Olympiad 2024"]
[Site "Budapest"]
[Date "2024.09.15"]
[Round "5.64"]
[White "Whyms, Chapell"]
[Black "Frempong-Smart, Daniel"]
[Result "0-1"]
[ECO "D15"]
[WhiteElo "1701"]
[BlackElo "1863"]
[PlyCount "76"]
[EventDate "2024.09.05"]
[EventType "team-tourn"]
[EventCountry "HUN"]
[WhiteTeam "Bahamas"]
[BlackTeam "Ghana"]
[WhiteTeamCountry "BAH"]
[BlackTeamCountry "GHA"]
[TimeControl "40/5400+30:1800+30"]

1. d4 d5 2. c4 c6 3. Nf3 Nf6 4. Nc3 a6 5. e3 Bf5 6. Qb3 Ra7 7. cxd5 cxd5 8. Be2 e6 9. Ne5 Nfd7 10. Qa4 f6 11. Nd3 Nc6 12. Qd1 b5 13. Bd2 Bd6 14. Rc1 Rc7 15. a3 O-O 16. b4 Nb6 17. Nc5 Bxc5 18. dxc5 Nc8 19. Bg4 d4 20. Bxf5 exf5 21. Qb3+ Kh8 22. Ne2 Re8 23. O-O d3 24. Nf4 Rd7 25. Rc3 Ne5 26. Ne6 Qe7 27. Nd4 f4 28. exf4 Nc4 29. Rxd3 Qe4 30. Be3 Ne7 31. Rdd1 Nd5 32. Qb1 Qxb1 33. Rxb1 Ndxe3 34. fxe3 Nxe3 35. Rfe1 Rxd4 36. Rb3 Rde4 37. Rd3 h6 38. c6 Ng4 {0-} 0-1

[Event "45th FIDE Olympiad 2024"]
[Site "Budapest"]
[Date "2024.09.15"]
[Round "5.65"]
[White "Stefansson, Vignir Vatnar"]
[Black "Cheparinov, Ivan"]
[Result "0-1"]
[ECO "B27"]
[WhiteElo "2531"]
[BlackElo "2628"]
[Annotator "TA"]
[PlyCount "84"]
[EventDate "2024.09.05"]
[EventType "team-tourn"]
[EventCountry "HUN"]
[SourceTitle "playchess.com"]
[Source "ChessBase"]
[SourceQuality "1"]
[WhiteTeam "Iceland"]
[BlackTeam "Bulgaria"]
[WhiteTeamCountry "ISL"]
[BlackTeamCountry "BUL"]
[TimeControl "40/5400+30:1800+30"]

1. e4 c5 2. Nf3 d6 3. d4 cxd4 4. Qxd4 Nf6 5. Nc3 Nc6 6. Qe3 g6 7. Bc4 Bg7 8. O-O O-O 9. Rd1 Bg4 10. e5 Nxe5 (10... Ne8 {feels hotter.} 11. e6 f5 12. Nd5 Nc7) 11. Nxe5 {The position is equal.} Bxd1 12. Nxf7 Rxf7 13. Bxf7+ Kxf7 14. Nxd1 d5 15. Qb3 Qb6 16. Be3 Qxb3 17. axb3 a6 18. Bd4 {[#]} e5 $1 19. Bxe5 Re8 20. f4 Ng4 21. Nc3 (21. g3 $15) 21... Bxe5 $17 22. fxe5 Rxe5 {[%mdl 4096] Endgame. KRN-KRN} 23. Rf1+ Ke7 24. Nd1 Ke6 25. h3 Nf6 26. Rf3 Re1+ 27. Rf1 {[#]} Rxf1+ 28. Kxf1 {KN-KN} d4 29. Ke2 Ke5 30. Nf2 {[#]} Kf4 $1 31. c3 $2 {[%mdl 8192] This move loses the game for White.} (31. Nh1 $17) 31... dxc3 $19 32. bxc3 Ne4 (32... Kg3 $2 33. Kf1 $17) 33. Nd3+ Kg3 34. c4 Kxg2 35. Ke3 Nd6 36. Nf4+ Kg3 {Strongly threatening ...g5.} 37. c5 (37. Ne6 $142 h6 (37... Kxh3 $2 38. Ng5+ Kh4 39. Nxh7 $19) 38. c5) 37... Nf7 {Black is clearly winning.} 38. Ke4 g5 39. Ne6 Kxh3 40. Kf5 h5 41. Kg6 {[#]} Kg4 $1 {[%cal Oh5h4] ...h4! is the strong threat.} 42. Kxf7 (42. Nc7 Ne5+) 42... h4 {Weighted Error Value: White=0.95/Black=0.01 (flawless) .  Loses game:     	White=1     	---        Mistake:       	White=2     	---        Inaccurate:     	White=1     	Black=1      OK:         	White=8     	Black=13     Best:        	White=1     	Black=8      Strong:       	---       	Black=1} 0-1

[Event "45th FIDE Olympiad 2024"]
[Site "Budapest"]
[Date "2024.09.15"]
[Round "5.65"]
[White "Sihlongonyane, Sikhanyiso"]
[Black "Hemam, Moulaye Brahim"]
[Result "1/2-1/2"]
[ECO "B31"]
[WhiteElo "1813"]
[BlackElo "1977"]
[PlyCount "119"]
[EventDate "2024.09.05"]
[EventType "team-tourn"]
[EventCountry "HUN"]
[WhiteTeam "Eswatini"]
[BlackTeam "Mauritania"]
[BlackTeamCountry "MAU"]
[TimeControl "40/5400+30:1800+30"]

1. e4 c5 2. Nf3 Nc6 3. Bb5 g6 4. O-O Bg7 5. c3 Nf6 6. Re1 a6 7. Ba4 b5 8. Bc2 e5 9. d4 cxd4 10. cxd4 exd4 11. Nxd4 O-O 12. Nc3 Bb7 13. Nb3 d6 14. Be3 Nb4 15. Bb1 Re8 16. a3 Nc6 17. f3 Ne5 18. Bd4 Nc4 19. Ra2 Rc8 20. Nd2 d5 21. Nxc4 dxc4 22. Bc2 Qe7 23. Be3 Rcd8 24. Qe2 Nd7 25. Raa1 Nc5 26. Rad1 Ne6 27. Bc1 Nd4 28. Qf2 Nxc2 29. Qxc2 Qc5+ 30. Be3 Qc7 31. Rxd8 Rxd8 32. Rd1 Rd7 33. Rxd7 Qxd7 34. Qd2 Qe7 35. Bb6 Bf6 36. Bd4 Qd8 37. Be3 Qxd2 38. Bxd2 Bd4+ 39. Kf1 Kf8 40. Ke2 Ke7 41. Nd1 Ke6 42. Bc3 Bc5 43. Ne3 h5 44. Nc2 f5 45. exf5+ Kxf5 46. Nd4+ Bxd4 47. Bxd4 g5 48. h3 g4 49. hxg4+ hxg4 50. fxg4+ Kxg4 51. Kf2 Kf4 52. Bc3 Ke4 53. Kg3 Kd3 54. Kf2 Kc2 55. g4 Kb3 56. Ke3 a5 57. Kd2 b4 58. axb4 axb4 59. Be5 Ka2 60. g5 1/2-1/2

[Event "45th FIDE Olympiad 2024"]
[Site "Budapest"]
[Date "2024.09.15"]
[Round "5.66"]
[White "Naiditsch, Arkadij"]
[Black "Kjartansson, Gudmundur"]
[Result "0-1"]
[ECO "A15"]
[WhiteElo "2643"]
[BlackElo "2478"]
[Annotator "TA"]
[PlyCount "80"]
[EventDate "2024.09.05"]
[EventType "team-tourn"]
[EventCountry "HUN"]
[SourceTitle "playchess.com"]
[Source "ChessBase"]
[SourceQuality "1"]
[WhiteTeam "Bulgaria"]
[BlackTeam "Iceland"]
[WhiteTeamCountry "BUL"]
[BlackTeamCountry "ISL"]
[TimeControl "40/5400+30:1800+30"]

1. Nf3 Nf6 2. g3 g6 3. c4 c6 4. b3 Bg7 5. Bb2 d6 6. Bg2 e5 7. d3 Nbd7 8. O-O O-O 9. Nc3 Re8 10. Qc2 a6 11. Rac1 Rb8 12. Ne4 {The position is equal.} Nxe4 13. dxe4 a5 14. Bh3 Nc5 15. Bxc8 Qxc8 16. Ba3 b6 17. Rcd1 Bf8 18. e3 Qh3 19. Nd2 h5 20. Nb1 h4 21. Nc3 Be7 22. Qe2 hxg3 23. fxg3 Kg7 24. Qf3 f6 25. Rf2 Rbd8 26. Rdd2 (26. Bxc5 $11 bxc5 27. Rdf1) 26... Rh8 ({Black should try} 26... Ne6 $1 $15) 27. Qd1 Qh5 28. h4 (28. Bxc5 {simplifies} Qxd1+ 29. Rxd1 bxc5 30. Kg2) 28... Kf7 (28... Qxd1+ {simplifies} 29. Rxd1 Rh5 30. Rh2 Rdh8) 29. Rf3 (29. Rh2 $11 {is superior.}) 29... Ke6 (29... Ne6 {simplifies} 30. Rff2 g5 31. Qxh5+ Rxh5 32. Rh2 Rg8) 30. Bxc5 bxc5 31. Rh2 Rdf8 32. Qf1 f5 33. Rhf2 {[#]} (33. Qe2 $15) 33... Qg4 $1 $17 {[%csl LRe4,LRh4] Really sharp!} 34. Qg2 Kd7 {Active counter play!} 35. Kh2 $2 {This costs White the game.} (35. Re2 $17 {was necessary.}) 35... g5 $19 (35... fxe4 36. Rxf8 Rxf8 37. Rxf8 (37. Qxe4 Rxf2+) 37... Bxf8 38. Nxe4 $11 (38. Qxe4 Qxe4 39. Nxe4 d5 $11)) 36. Rxf5 (36. Kg1 {was the only chance.} gxh4 (36... fxe4 37. Rxf8 Bxf8 38. Nxe4 $11) 37. gxh4 Bxh4 38. Re2) 36... gxh4 37. Kg1 (37. Rxf8 $142 hxg3+ (37... Bxf8 38. gxh4 Qxh4+ 39. Kg1 $11) 38. Kg1) 37... hxg3 38. R2f3 {[#]} (38. Rxf8 $142 Rh2 (38... Rxf8 39. Rxf8 Bxf8 40. Qh1 $11) (38... Bxf8 $2 39. Rf3 $19) (38... gxf2+ 39. Rxf2 Qe6 40. Kf1 $11) 39. R8f7 (39. Qf3 $2 gxf2+ 40. Kxh2 Qg1+ 41. Kh3 Bxf8 $19) 39... Rxg2+ 40. Rxg2) 38... Rfg8 $1 {aiming for ...Rh2.} 39. Rf7 Rh2 40. Qxg3 Rc2 {Weighted Error Value: White=0.61/Black=0.18 (very precise) .  Loses game:     	White=1     	---        Mistake:       	White=6     	Black=1      Inaccurate:     	White=3     	Black=1      OK:         	White=9     	Black=12     Best:        	---       	Black=2      Strong:       	---       	Black=1} (40... Qh3 $142 41. Rxe7+ Kxe7 42. Nd5+ cxd5 43. Qxg8 Rh1+ (43... Qxf3 44. Kxh2 d4 45. Qg7+ Kd8 46. Qh6 $17) 44. Kf2 Qf1+ 45. Kg3 Qg1#) 0-1

[Event "45th FIDE Olympiad 2024"]
[Site "Budapest"]
[Date "2024.09.15"]
[Round "5.66"]
[White "Yahi, Mohamed Salem"]
[Black "Dlamini, Simphiwe"]
[Result "0-1"]
[ECO "C50"]
[WhiteElo "1868"]
[BlackElo "1747"]
[PlyCount "96"]
[EventDate "2024.09.05"]
[EventType "team-tourn"]
[EventCountry "HUN"]
[WhiteTeam "Mauritania"]
[BlackTeam "Eswatini"]
[WhiteTeamCountry "MAU"]
[TimeControl "40/5400+30:1800+30"]

1. e4 e5 2. Nf3 Nc6 3. Bc4 Be7 4. d4 d6 5. d5 Nb8 6. h3 f5 7. Nc3 Nf6 8. Bb5+ Nbd7 9. Ng5 O-O 10. Ne6 Qe8 11. Nxc7 Qg6 12. exf5 Qxg2 13. Rf1 Nc5 14. Be3 Bxf5 15. Nxa8 a6 16. Be2 Bxh3 17. Bxc5 dxc5 18. Nc7 Ng4 19. d6 Bh4 20. Qd5+ Qxd5 21. N7xd5 Nxf2 22. Rxf2 Bxf2+ 23. Kd2 b5 24. Rd1 Bd4 25. Ne4 g6 26. c3 Bf2 27. Nxf2 Rxf2 28. Ke3 Rf7 29. c4 b4 30. Bf3 Kf8 31. Nc7 h5 32. Nxa6 Rxf3+ 33. Kxf3 Bg4+ 34. Ke4 Bxd1 35. Nxc5 h4 36. Kxe5 h3 37. Ne4 Bf3 38. Ng3 Ke8 39. Nf1 Be2 40. Ng3 Bxc4 41. Kd4 Bxa2 42. Kc5 b3 43. Kd5 Bb1 44. Ke5 Kd7 45. Kd5 h2 46. Ke5 Bf5 47. Kf4 Kxd6 48. Nh1 Kd5 {0-} 0-1

[Event "45th FIDE Olympiad 2024"]
[Site "Budapest"]
[Date "2024.09.15"]
[Round "5.67"]
[White "Stefansson, Hannes"]
[Black "Petrov, Martin"]
[Result "1/2-1/2"]
[ECO "B90"]
[WhiteElo "2471"]
[BlackElo "2536"]
[Annotator "TA"]
[PlyCount "79"]
[EventDate "2024.09.05"]
[EventType "team-tourn"]
[EventCountry "HUN"]
[SourceTitle "playchess.com"]
[Source "ChessBase"]
[SourceQuality "1"]
[WhiteTeam "Iceland"]
[BlackTeam "Bulgaria"]
[WhiteTeamCountry "ISL"]
[BlackTeamCountry "BUL"]
[TimeControl "40/5400+30:1800+30"]

1. e4 c5 2. Nf3 d6 3. d4 cxd4 4. Nxd4 Nf6 5. Nc3 a6 6. Be3 e5 7. Nf3 Be7 8. Bc4 Be6 9. Bb3 Nbd7 10. O-O Rc8 11. Ng5 Bxb3 12. cxb3 O-O 13. h3 b5 14. a3 h6 15. Nf3 Nc5 16. Bxc5 Rxc5 17. b4 Rc4 18. Re1 Qd7 19. Qe2 Rfc8 20. Rad1 {[#] And now Nxe5 would win.} Qe6 21. Nh2 Bd8 22. Ng4 Nxg4 23. Qxg4 R8c6 24. Re2 Bb6 (24... Qxg4 {simplifies} 25. hxg4 Bg5 26. Kf1 Rd4) 25. Red2 Rd4 (25... Qxg4 {simplifies} 26. hxg4 Rd4 27. Kf1 Rxd2 28. Rxd2 Bd4) 26. g3 g6 (26... Qxg4 {simplifies} 27. hxg4 Kf8 28. Kf1 Ba7) 27. Kg2 Kg7 28. Qf3 Qb3 29. g4 Rxd2 30. Rxd2 Bd4 31. Ne2 Qxf3+ 32. Kxf3 $11 {[%mdl 4096] Endgame. KRB-KRN} Bb6 33. Nc3 Kf6 34. Rd3 Ke6 35. Ke2 Rc4 ({Black should play} 35... Bd4 $15) 36. Rf3 {The position is equal.} Bd8 37. Rd3 Bb6 38. Rf3 Bd8 39. Rd3 Bb6 40. Rf3 {Weighted Error Value: White=0.08 (flawless) /Black=0.07 (flawless) .  Mistake:       	---       	Black=1      Inaccurate:     	White=1     	Black=2      OK:         	White=11    	Black=10} 1/2-1/2

[Event "45th FIDE Olympiad 2024"]
[Site "Budapest"]
[Date "2024.09.15"]
[Round "5.67"]
[White "Mbongeni, Mabuza"]
[Black "Abdellahi, Khaled Abdellahi"]
[Result "1/2-1/2"]
[ECO "D30"]
[WhiteElo "1784"]
[BlackElo "1894"]
[PlyCount "44"]
[EventDate "2024.09.05"]
[EventType "team-tourn"]
[EventCountry "HUN"]
[WhiteTeam "Eswatini"]
[BlackTeam "Mauritania"]
[BlackTeamCountry "MAU"]
[TimeControl "40/5400+30:1800+30"]

1. d4 d5 2. c4 c6 3. Nf3 Nf6 4. e3 e6 5. Bd3 dxc4 6. Bxc4 b5 7. Bd3 Bb7 8. O-O a6 9. b3 Be7 10. Bb2 O-O 11. Nbd2 c5 12. Rc1 Nbd7 13. Bb1 Rc8 14. Qe2 Qb6 15. e4 cxd4 16. e5 Nd5 17. Bxd4 Qa5 18. Ne4 Nf4 19. Qe3 Nd5 20. Qe2 Nf4 21. Qe3 Nd5 22. Qe2 Nf4 1/2-1/2